AoeStats
← Hayriii1907

Arena

510620442Analyzed
4v4 RM · 2d ago on Oct 1, 2026· 132m 51s· 8 players
Game mode
Random Map
Map size
Large (8 player)
Population
200
Speed
Normal
Resources
Standard
Victory
Conquest
Starting age
Dark Age
Ending age
Imperial Age
RankedLock teamsTeams togetherTeam positionsShared explorationLock speedFull tech treeHidden civsTurbo modeCheats
Victory
Defeat
🇩🇪 Italians · Germany
758
+10
🇩🇪 Georgians · Germany
626
+15
🇩🇪 Mongols · Germany
587
+17
🇩🇪 Franks · Germany
530
+19
🇫🇷 Wu · France
677
-18
🇹🇷 Saracens · Türkiye
628
-16
🇺🇸 Persians · United States
578
-14
🇲🇽 Malay · Mexico
553
-13
Hayriii1907
13:03 Feudal Age
14:10 Loom
18:55 Town Watch
23:32 Castle Age
23:36 Crossbowman
34:56 Imperial Age
34:54 Murder Holes
38:13 Chemistry
37:41 Fletching
37:52 Padded Archer Armor
37:51 Pikeman
40:45 Horse Collar
48:25 Gold Mining
51:44 Svan Towers
52:10 Bodkin Arrow
57:15 Parthian Tactics
56:51 Elite Monaspa
60:06 Bracer
60:22 Leather Archer Armor
60:18 Scale Barding Armor
62:58 Wheelbarrow
87:14 Capped Ram
88:27 Heavy Plow
88:43 Forging
88:54 Chain Barding Armor
94:08 Elite Skirmisher
100:18 Crop Rotation
100:50 Light Cavalry
101:34 Husbandry
101:45 Bloodlines
101:57 Hussar
105:59 Plate Barding Armor
107:45 Aznauri Cavalry
111:47 Cavalier
121:20 Town Patrol
121:38 Hand Cart
Turko-Apo57
15:19 Feudal Age
23:00 Wheelbarrow
24:47 Fletching
24:57 Padded Archer Armor
27:50 Castle Age
28:11 Crossbowman
37:48 Bodkin Arrow
44:51 Elite Skirmisher
87:53 Imperial Age
126:20 Cranequins
128:46 Double-Bit Axe
131:48 Cranequins
Soner7798
13:32 Feudal Age
13:54 Horse Collar
14:35 Double-Bit Axe
22:18 Castle Age
21:45 Wheelbarrow
22:09 Scale Barding Armor
26:14 Gold Mining
26:15 Stone Mining
27:00 Bow Saw
27:53 Chain Barding Armor
27:44 Husbandry
31:48 Bloodlines
35:08 Gold Shaft Mining
37:09 Imperial Age
36:35 Heavy Plow
38:13 Elite Mangudai
51:57 Ballistics
51:34 Murder Holes
52:41 Chemistry
119:16 Light Cavalry
Amigo
0:27 Loom
11:21 Feudal Age
12:41 Wheelbarrow
11:55 Double-Bit Axe
11:55 Horse Collar
18:38 Gold Mining
21:44 Castle Age
20:23 Stone Mining
22:42 Hand Cart
22:54 Bow Saw
26:16 Stone Shaft Mining
25:49 Murder Holes
26:50 Heavy Plow
30:26 Padded Archer Armor
30:17 Fletching
33:28 Imperial Age
32:21 Masonry
32:33 Ballistics
33:59 Leather Archer Armor
34:05 Fortified Wall
35:56 Conscription
35:58 Silk Road
35:46 Bodkin Arrow
37:28 Hoardings
39:59 Ring Archer Armor
39:30 Bracer
41:29 Two-Man Saw
42:37 Chemistry
42:09 Architecture
41:19 Treadmill Crane
41:30 Guard Tower
41:25 Arrowslits
41:42 Caravan
44:13 Elite Genoese Crossbowman
54:34 Crossbowman
55:19 Thumb Ring
55:10 Arbalester
56:54 Keep
103:58 Husbandry
106:03 Cavalier
108:19 Bloodlines
107:30 Light Cavalry
110:32 Hussar
115:35 Forging
115:25 Scale Mail Armor
115:31 Scale Barding Armor
115:19 Heated Shot
125:22 Bombard Tower
133:34 Iron Casting
133:14 Chain Mail Armor
133:20 Chain Barding Armor
Pickleball
11:49 Feudal Age
12:27 Double-Bit Axe
15:17 Horse Collar
20:04 Castle Age
18:53 Stone Mining
18:54 Gold Mining
20:17 Wheelbarrow
20:02 Pikeman
20:44 Squires
22:25 Scale Barding Armor
24:28 Stone Shaft Mining
26:22 Bow Saw
27:01 Forging
28:27 Heavy Plow
31:26 Iron Casting
35:06 Imperial Age
33:41 Thalassocracy
35:00 Gold Shaft Mining
35:57 Hand Cart
36:06 Halberdier
38:56 Light Cavalry
40:43 Elite Battle Elephant
41:15 Elite Karambit Warrior
43:16 Ballistics
44:32 Padded Archer Armor
59:31 Crop Rotation
60:12 Chemistry
74:54 Blast Furnace
80:38 Cavalier
81:18 Husbandry
85:26 Heavy Scorpion
MordorQva
11:28 Feudal Age
11:51 Double-Bit Axe
17:35 Castle Age
16:17 Horse Collar
18:41 Bow Saw
19:21 Wheelbarrow
21:01 Gold Mining
21:33 Elite Skirmisher
23:43 Pikeman
25:29 Heavy Plow
25:44 Scale Mail Armor
27:21 Padded Archer Armor
27:40 Squires
31:40 Chain Mail Armor
32:51 Gold Shaft Mining
37:33 Forging
37:39 Leather Archer Armor
37:14 Fletching
37:21 Stone Mining
42:24 Imperial Age
41:40 Crossbowman
42:26 Thumb Ring
50:06 Heavy Scorpion
TheWolf
12:35 Feudal Age
13:25 Loom
14:16 Wheelbarrow
13:35 Town Watch
23:59 Castle Age
22:10 Double-Bit Axe
23:27 Horse Collar
23:40 Gold Mining
24:18 Fletching
25:22 Hand Cart
26:07 Bow Saw
27:08 Town Patrol
29:36 Red Cliffs Tactics
29:48 Crossbowman
30:30 Bodkin Arrow
31:09 Padded Archer Armor
30:45 Pikeman
32:38 Ballistics
32:15 Murder Holes
33:10 Heavy Plow
34:59 Caravan
35:01 Elite Skirmisher
38:20 Gold Shaft Mining
37:39 Stone Mining
38:30 Coinage
39:59 Stone Shaft Mining
40:23 Man-at-Arms
41:04 Squires
44:17 Imperial Age
43:53 Leather Archer Armor
43:49 Forging
43:39 Scale Mail Armor
43:45 Scale Barding Armor
43:33 Guard Tower
44:09 Long Swordsman
45:00 Halberdier
46:46 Elite Fire Archer
48:41 Two-Handed Swordsman
49:11 Arbalester
50:42 Conscription
50:23 Sitting Tiger
51:12 Arson
54:18 Heavy Hei Guang Cavalry
54:59 Husbandry
55:09 Bloodlines
54:21 Light Cavalry
55:53 Bracer
56:05 Masonry
59:46 Champion
61:18 Architecture
64:45 Hussar
68:54 Treadmill Crane
69:50 Keep
70:43 Iron Casting
74:51 Guilds
81:59 Blast Furnace
81:15 Chain Mail Armor
81:34 Chain Barding Armor
89:05 Two-Man Saw
93:57 Heavy Scorpion
100:58 Banking
FENERBAHCE
15:59 Feudal Age
22:08 Castle Age
32:19 Imperial Age
32:47 Wheelbarrow
31:58 Town Watch
31:59 Loom
32:05 Horse Collar
32:15 Double-Bit Axe
32:24 Gold Mining
32:30 Stone Mining
33:11 Heavy Plow
33:26 Bow Saw
33:56 Gold Shaft Mining
34:32 Hand Cart
34:24 Town Patrol
36:13 Two-Man Saw
37:34 Chemistry
36:41 Siege Engineers
37:04 Ballistics
36:51 Elite Mameluke
46:49 Conscription
47:08 Forging
46:59 Scale Mail Armor
47:04 Scale Barding Armor
47:00 Padded Archer Armor
46:51 Fletching
47:10 Siege Engineers
46:33 Onager
57:10 Chain Barding Armor
57:05 Chain Mail Armor
57:06 Leather Archer Armor
56:47 Bodkin Arrow
57:27 Iron Casting
61:21 Caravan
97:41 Siege Onager
116:51 Counterweights
122:47 Plate Barding Armor
122:42 Plate Mail Armor
123:13 Blast Furnace
122:14 Bracer
122:45 Ring Archer Armor
Connection lost

Rejoining the realm…

Still unreachable

The connection could not be restored.

Session expired

The server has moved on; the page needs a fresh start.